 Dungeon Crawl Stone Soup version 0.27.0-1-g7a089689b8 (webtiles) character file.

Game seed: 9727244114309259572

1549 Crazydiamond the Covert (level 8, -2/53 HPs)
             Began as an Octopode Brigand on Aug 16, 2021.
             Was a Believer of Wu Jian.
             Splashed by a jelly's acid (10 damage)
             ... on level 6 of the Dungeon.
             The game lasted 00:19:28 (6211 turns).

Crazydiamond the Covert (Octopode Brigand)          Turns: 6211, Time: 00:19:30

Health: -2/53      AC:  1    Str: 10    XL:     8   Next: 87%
Magic:  8/8        EV: 14    Int: 13    God:    Wu Jian [**....]
Gold:   231        SH:  0    Dex: 16    Spells: 7/7 levels left

rFire    . . .     SeeInvis .   u - +2 dagger (vamp)
rCold    . . .     Faith    .   (no shield)
rNeg     . . .     Spirit   .   (helmet restricted)
rPois    .         Reflect  .   (no amulet)
rElec    .         Harm     .   j - ring of willpower
rCorr    .         Rampage  .   k - +4 ring of protection
Will     +....                  (no ring)
Stlth    ++++++....             (no ring)
HPRegen  0.17/turn              (no ring)
MPRegen  0.11/turn              (no ring)
                                (no ring)
                                (no ring)

@: lethally poisoned (-2 -> -5), corroded
A: almost no armour, amphibious, 8 rings, camouflage 1, gelatinous body 1,
(nimble swimmer 1), tentacles
a: Renounce Religion, Wall Jump


You were on level 6 of the Dungeon.
You worshipped Wu Jian.
Wu Jian was pleased with you.
You visited 1 branch of the dungeon, and saw 6 of its levels.

You collected 231 gold pieces.

Inventory:

Hand Weapons
 a - a +2 dagger
 e - a +2 flail of protection
 t - a +2 short sword of holy wrath
 u - a +2 vampiric dagger (weapon)
 w - a +1 dagger of electrocution
Missiles
 b - 13 poisoned darts (quivered)
 c - 2 curare-tipped darts
 l - 5 javelins
Jewellery
 d - an amulet of magic regeneration
 j - a ring of willpower (left tentacle)
 k - a +4 ring of protection (right tentacle)
 p - a +4 ring of protection
 s - a +6 ring of dexterity
Wands
 m - a wand of iceblast (13)
 r - a wand of flame (50)
 y - a wand of acid (6)
Scrolls
 x - a scroll of teleportation
Potions
 g - 2 potions of brilliance
 h - a potion of resistance {unknown}
 i - a potion of might
 n - 2 potions of cancellation
 o - a potion of berserk rage {unknown}
 v - a potion of lignification {unknown}


   Skills:
 + Level 3.6 Fighting
 + Level 5.5 Short Blades
 + Level 2.4 Throwing
 + Level 4.0 Dodging
 + Level 12.0 Stealth


You had 7 spell levels left.
You didn't know any spells.
Your spell library contained the following spells:

 Spells                   Type           Power      Damage    Failure   Level
 Borgnjor's Revivificati  Necr           0%         N/A       100%        8
 Necromutation            Tmut/Necr      0%         N/A       100%        8
 Death's Door             Necr           0%         N/A       100%        9


Dungeon Overview and Level Annotations

Branches:
Dungeon (6/15)
 Temple: D:4-7

Altars:
Wu Jian
Zin

Shops:
D:4 [

Annotations:
D:5 Gnirx's ghost, novice GrEE


Innate Abilities, Weirdness & Mutations

You cannot wear most types of armour.
You are amphibious.
You can wear up to eight rings at the same time.
Your skin changes colour to match your surroundings (Stealth+).
Your rubbery body absorbs attacks. (AC +1, EV +1)
((You are camouflaged near water. (Stealth+)))
You have tentacles for arms and can constrict up to eight enemies at once.


Message History

The adder bites you.
You hit the adder but do no damage. Your grab misses the adder.
Your squeeze misses the adder.
The adder is lightly wounded.
The adder bites you.
You are poisoned.
The adder poisons you!
You closely miss the adder. Your grab misses the adder.
The adder is lightly wounded.
You feel sick. The adder bites you.
You are more poisoned.
The adder poisons you!
You hit the adder. You grab the adder.
The adder is heavily wounded.
You constrict the adder.
You feel sick. The adder misses you.
You hit the adder.
You feel better.
The adder is severely wounded.
You constrict the adder.
You feel sick. The jelly hits you but does no damage.
The adder bites you but does no damage.
You hit the adder.
You kill the adder!
The Council accepts your kill.
You feel sick. The jelly hits you but does no damage.
Your Dodging skill increases to level 4!
You hit the jelly.
Your tentacles burn!
You squeeze the jelly.
The jelly is lightly wounded.
You feel sick.
You hit the jelly.
Your tentacles burn!
You squeeze the jelly, but do no damage.
The jelly is moderately wounded.
You feel sick. The jelly hits you. The acid corrodes you!
You are splashed with acid!
* * * LOW HITPOINT WARNING * * *
You hit the jelly.
You feel better.
Your tentacles burn!
* * * LOW HITPOINT WARNING * * *
The jelly is moderately wounded.
You feel sick. The jelly hits you.
* * * LOW HITPOINT WARNING * * *
You are splashed with acid!
You die...

.#......###......##.##..
.....................###
...................# #
#...[............#.. .
#.........##.#...... ..?
#............#......
....#...................
.......†J...............
.......@................
.#...(..................
....(...................
.......###...###......#.
....... #..............
....... ...............
....... ... . .......
... #


You could see a jelly.

Vanquished Creatures
  Maggie (D:6)
  A necrophage (D:6)
  A centaur (D:5)
  A phantom (D:6)
  6 scorpions
  A bullfrog zombie (D:5)
  An orc priest (D:5)
  4 hounds
  A jelly (D:5)
  A bullfrog skeleton (D:3)
  Jessica (D:2)
  2 orc wizards
  An iguana (D:5)
  Ijyb (D:3)
  A gnoll (D:1)
  12 adders
  A shadow imp (D:6)
  An ufetubus (D:4)
  An adder skeleton (D:4)
  A worm (D:4)
  6 dart slugs
  10 orcs
  7 ball pythons
  6 endoplasms
  6 giant cockroaches
  11 goblins
  8 hobgoblins
  14 jackals
  12 kobolds
  4 quokkas
  12 bats
  4 frilled lizards
  6 rats
146 creatures vanquished.

Vanquished Creatures (others)
  A fungus (D:4)
1 creature vanquished.

Grand Total: 147 creatures vanquished

Notes
Turn   | Place    | Note
-------+----------+-------------------------------------------
     0 | D:1      | Crazydiamond the Octopode Brigand began the quest for the
                  | Orb.
     0 | D:1      | Reached XP level 1. HP: 14/14 MP: 1/1
   147 | D:1      | Reached XP level 2. HP: 19/19 MP: 2/2
   157 | D:1      | Reached skill level 6 in Stealth
   531 | D:1      | Reached XP level 3. HP: 24/24 MP: 3/3
   547 | D:1      | Reached skill level 7 in Stealth
   955 | D:1      | Found a faded altar of an unknown god.
  1258 | D:2      | Reached XP level 4. HP: 22/29 MP: 4/4
  1327 | D:2      | Noticed Jessica
  1352 | D:2      | Killed Jessica
  2238 | D:3      | Reached skill level 8 in Stealth
  2260 | D:3      | Reached XP level 5. HP: 29/34 MP: 5/5
  2405 | D:3      | Noticed Ijyb
  2414 | D:3      | Killed Ijyb
  2436 | D:3      | Found an ornate altar of the Wu Jian Council.
  2446 | D:3      | Became a worshipper of the Wu Jian Council
  3326 | D:4      | Reached XP level 6. HP: 41/41 MP: 6/6
  3654 | D:4      | Found Vaxuchill's Antique Armour Shop.
  3724 | D:4      | Reached * piety under Wu Jian
  3725 | D:4      | Reached skill level 9 in Stealth
  3973 | D:4      | Reached XP level 7. HP: 45/45 MP: 7/7
  4053 | D:5      | Entered Level 5 of the Dungeon
  4060 | D:5      | Reached skill level 10 in Stealth
  4508 | D:5      | Reached ** piety under Wu Jian
  4600 | D:5      | Reached XP level 8. HP: 52/52 MP: 8/8
  4628 | D:5      | Found a large runed translucent door.
  4631 | D:5      | Found a large runed translucent door.
  4857 | D:5      | Reached skill level 11 in Stealth
  4949 | D:5      | Noticed Gnirx's ghost (novice GrEE)
  5573 | D:6      | Noticed Maggie
  5715 | D:6      | Found a glowing silver altar of Zin.
  5808 | D:6      | Identified the +1 robe of Liberty {rF+ Slay+3}
  5855 | D:6      | Killed Maggie
  5856 | D:6      | Reached skill level 5 in Short Blades
  6202 | D:6      | Reached skill level 12 in Stealth
  6211 | D:6      | Splashed by a jelly's acid

Illustrated notes

Levels and vault maps discovered:
D:1:      minmay_arrival_four_circles, layout_basic,
          shapermc_ecumenical_altar_hornbeckon
D:2:      layout_basic, kennysheep_generic_room_15, uniq_jessica
D:3:      minmay_diamond_boxcup, layout_basic, nicolae_wu_jian_wuxing_cycle,
          minmay_diced_spiral, uniq_ijyb
D:4:      old_forge, layout_gridville, serial_shops, shop
D:5:      layout_gridville, ebering_ghost_disaster_area, serial_park_tiny_1
D:6:      layout_basic, pdpol_temple_overflow_zin_treasury_gozag_greed,
          mainiacjoe_overflow_big_doors, temple_hall, uniq_maggie

Skill      XL: |  1  2  3  4  5  6  7  8 |
---------------+-------------------------+-----
Stealth        | 6 7 8 9 10 12 | 12.0
Short Blades   | 3 4 5 |  5.5
Dodging        | 2 3 4 |  4.0
Fighting       | 3 |  3.6
Throwing       | |  2.4

Action                   |  1- 3 |  4- 6 |  7- 9 || total
-------------------------+-------+-------+-------++-------
Melee: Dagger            |    70 |   174 |    93 ||   337
       Constrict         |    13 |    44 |    18 ||    75
       Tentacles         |     8 |    28 |    28 ||    64
       Short sword       |       |       |    10 ||    10
Throw: Dart              |     2 |     6 |     1 ||     9
Invok: Lunge             |       |     8 |    11 ||    19
       Whirlwind         |       |       |     1 ||     1
  Use: Scroll            |       |       |     9 ||     9
       Potion            |       |       |     2 ||     2
 Stab: Sleeping          |    19 |    24 |     9 ||    52
       Distracted        |       |       |     1 ||     1
Armor: Skin              |     5 |    35 |    15 ||    55
Dodge: Dodged            |    26 |    83 |    30 ||   139
